 Dungeon Crawl Stone Soup version 0.20-a0-270-g8e735b6 (webtiles) character file.

1381 AlphabetPasta the Chucker (level 8, 0/75 HPs)
             Began as a Troll Arcane Marksman on Dec 9, 2016.
             Was a Follower of Jiyva.
             Succumbed to a killer bee's poison
             ... on level 6 of the Dungeon on Dec 10, 2016.
             The game lasted 00:23:08 (4783 turns).

AlphabetPasta the Chucker (Troll Arcane Marksman)   Turns: 4783, Time: 00:23:08

Health: 0/75       AC:  9    Str: 20    XL:     8   Next: 39%
Magic:  10/10      EV: 15    Int: 11    God:    Jiyva [*.....]
Gold:   253        SH:  0    Dex: 14    Spells: 4/11 levels left

rFire  . . .     SeeInvis .       - Unarmed
rCold  . . .     Gourm    +     a - +1 robe
rNeg   . . .     Faith    .     (no shield)
rPois  .         Spirit   .     (helmet restricted)
rElec  .         Reflect  .     i - +2 cloak
rCorr  .         Harm     .     (gloves unavailable)
MR     .....                    (boots unavailable)
Stlth  ++........               (no amulet)
                                (no ring)
                                t - ring of wizardry

@: agile, lethally poisoned (0 -> 0), heavily drained
A: unfitting armour, claws 3, fast metabolism 3, gourmand, regeneration 1,
shaggy fur 1, tough skin 2
a: Request Jelly, Renounce Religion


You were on level 6 of the Dungeon.
You worshipped Jiyva.
Jiyva was aware of your devotion.
You were completely stuffed.

You visited 2 branches of the dungeon, and saw 8 of its levels.

You collected 253 gold pieces.

Inventory:

Missiles
 c - 4 large rocks (quivered)
 d - 3 throwing nets
 e - 7 tomahawks
 m - a curare-tipped needle
 w - 3 poisoned tomahawks
Armour
 a - a +1 robe (worn)
 i - a +2 cloak (worn)
Jewellery
 n - an uncursed ring of ice
 p - an uncursed ring of fire
 t - a ring of wizardry (left claw)
Wands
 v - a wand of lightning (4/15)
Scrolls
 o - a scroll of remove curse
 q - a scroll of blinking
 u - a scroll of teleportation
Potions
 h - a potion of invisibility
 j - 2 potions of cancellation
 l - a potion of might
 s - 2 potions of brilliance
Books
 b - a book of Debilitation

   Spells                             Type                      Level
   a - Corona                         Hexes                        1
   b - Slow                           Hexes                        2
   c - Gell's Gravitas                Hexes/Translocation          3
   d - Inner Flame                    Hexes/Fire                   3
   e - Cause Fear                     Hexes                        4
   f - Leda's Liquefaction            Hexes/Earth                  4
Comestibles
 f - 5 bread rations
 g - 5 meat rations
 k - a royal jelly
 z - 4 chunks of flesh


   Skills:
 + Level 3.2(1.6) Fighting
 * Level 5.1(3.4) Throwing
 + Level 1.4(0.0) Armour
 + Level 3.6(2.0) Dodging
 + Level 3.6(1.9) Unarmed Combat
 + Level 2.3(0.7) Spellcasting
 + Level 3.1(1.5) Hexes


You had 4 spell levels left.
You knew the following spells:

 Your Spells              Type           Power        Failure   Level  Hunger
a - Corona                Hex            #......      9%          1    ##.....
b - Slow                  Hex            #.......     12%         2    ###....
c - Blink                 Tloc           N/A          26%         2    ###....
d - Repel Missiles        Chrm/Air       #.....       26%         2    ###....


Dungeon Overview and Level Annotations

Branches:
Dungeon (7/15)             Temple (1/1) D:6

Altars:
Ashenzari
Dithmenos
Elyvilon
Fedhas
Gozag
Hepliaklqana
Kikubaaqudgha
Makhleb
Nemelex Xobeh
Okawaru
Qazlal
Ru
Sif Muna
Trog
Uskayaw
Vehumet
Xom
Yredelemnul
Zin
The Shining One
Jiyva

Shops:
D:6 *


Innate Abilities, Weirdness & Mutations

You are too large for most types of armour.
You have claws for hands.
Your metabolism is lightning-fast.
You like to eat raw meat.
Your natural rate of healing is unusually fast.
You are covered in fur. (AC +1)
You have very tough skin. (AC +2)


Message History

You scratch the killer bee but do no damage.
The killer bee is almost dead.
You feel sick. The killer bee barely misses you. The killer bee misses you.
You closely miss the killer bee.
The killer bee is almost dead.
The killer bee barely misses you. The killer bee closely misses you.
You barely miss the killer bee.
The killer bee is almost dead.
You feel sick. The killer bee closely misses you. x2
You claw the killer bee!
You kill the killer bee!
You feel sick.
You barely miss the wight.
You feel sick.
The wight hits you with a hand axe of pain!
* * * LOW HITPOINT WARNING * * *
You feel drained.
* * * LOW HITPOINT WARNING * * *
You writhe in agony.
* * * LOW HITPOINT WARNING * * *
You die...

#.#####....## #.#
##.#.# #.#
####.#.# #.#
#....#.# #.#
#.####.# #.# #.#
#.# ######.###.#
#.# #..zy......#
#.#
#@####>########.#
#.# #..........#
#.# #############
#.# #...........#
#.# #.####...##.#
#.#
#.###.###.#.##
#.# #...J.#
#..... #.#
#.###.###.#...
#.# #.#
##...#####


You could see a killer bee and a wight.

Vanquished Creatures
  A human (D:6)
  A phantom (D:4)
  An ogre (D:5)
  A centaur (D:6)
  Blork the orc (D:4)
  A bullfrog (D:6)
  2 scorpions
  A killer bee (D:6)
  3 wights (D:6)
  A bullfrog zombie (D:5)
  A human zombie (D:6)
  A hound (D:6)
  An orc priest (D:5)
  Crazy Yiuf (D:6)
  A jelly (D:5)
  3 orc wizards
  Natasha (twice) (D:4)
  4 worker ants
  A hound zombie (D:6)
  3 gnolls (D:5)
  5 adders
  A shadow imp (D:4)
  An adder zombie (D:6)
  2 adder skeletons
  2 dart slugs
  A leopard gecko (D:2)
  20 orcs
  A ball python (D:5)
  4 giant cockroaches
  5 goblins
  10 hobgoblins
  14 kobolds
  3 quokkas
  2 bats
  3 frilled lizards
  2 goblin zombies (D:6)
  A quokka skeleton (D:5)
  4 rats
112 creatures vanquished.

Vanquished Creatures (others)
  An ice beast (D:6)
  A big kobold (D:6)
  A scorpion (D:6)
  3 jellies (D:6)
  2 worker ants (D:6)
  A shadow imp (D:6)
  3 kobolds (D:6)
12 creatures vanquished.

Grand Total: 124 creatures vanquished

Notes
Turn   | Place    | Note
-------+----------+-------------------------------------------
     0 | D:1      | AlphabetPasta the Troll Arcane Marksman began the quest for the Orb.
     0 | D:1      | Reached XP level 1. HP: 18/18 MP: 1/1
    37 | D:1      | Reached skill level 1 in Fighting
    72 | D:1      | Reached skill level 2 in Throwing
   141 | D:1      | Reached XP level 2. HP: 27/27 MP: 2/2
   818 | D:2      | Reached XP level 3. HP: 33/33 MP: 3/3
   832 | D:2      | Found a blossoming altar of Fedhas.
   854 | D:2      | Reached skill level 1 in Unarmed Combat
   919 | D:2      | Found a glowing golden altar of the Shining One.
  1336 | D:2      | Found a shimmering altar of Xom.
  1525 | D:3      | Found a shadowy altar of Dithmenos.
  1529 | D:3      | Found a sacrificial altar of Ru.
  1530 | D:3      | Found an opulent altar of Gozag.
  1530 | D:3      | Found a hazy altar of Hepliaklqana.
  1531 | D:3      | Found an ancient bone altar of Kikubaaqudgha.
  1531 | D:3      | Found a white marble altar of Elyvilon.
  1643 | D:3      | Found a bloodstained altar of Trog.
  1805 | D:3      | Reached XP level 4. HP: 40/41 MP: 4/4
  2023 | D:4      | Noticed a phantom
  2042 | D:3      | Reached XP level 5. HP: 13/48 MP: 5/5
  2137 | D:4      | Reached skill level 3 in Throwing
  2306 | D:4      | Noticed Natasha
  2310 | D:4      | Killed Natasha
  2402 | D:4      | Learned a level 2 spell: Slow
  2432 | D:4      | Noticed Blork the orc
  2442 | D:4      | Killed Blork the orc
  2442 | D:4      | Reached XP level 6. HP: 46/57 MP: 3/7
  2694 | D:4      | Noticed Natasha
  2706 | D:4      | Killed Natasha
  2759 | D:5      | Entered Level 5 of the Dungeon
  2788 | D:5      | Found a burning altar of Makhleb.
  2857 | D:5      | Reached XP level 7. HP: 55/66 MP: 8/8
  3037 | D:5      | Reached skill level 4 in Throwing
  3221 | D:5      | Learned a level 2 spell: Slow
  3671 | D:6      | Found Heehoer's General Store.
  3690 | D:6      | Learned a level 2 spell: Blink
  3693 | D:6      | Learned a level 2 spell: Repel Missiles
  3769 | D:6      | Found a staircase to the Ecumenical Temple.
  3801 | Temple   | Entered the Ecumenical Temple
  3805 | Temple   | Became a worshipper of Jiyva Juhoc the Shapeless
  4092 | D:6      | Reached * piety under Jiyva
  4124 | D:6      | Found a runed door.
  4128 | D:6      | Noticed Crazy Yiuf
  4136 | D:6      | Killed Crazy Yiuf
  4136 | D:6      | Reached XP level 8. HP: 49/74 MP: 10/10
  4341 | D:6      | Found a runed door.
  4358 | D:6      | Found a basalt altar of Yredelemnul.
  4369 | D:6      | Reached skill level 5 in Throwing
  4369 | D:6      | Reached skill level 1 in Armour
  4782 | D:6      | HP: 2/75 [wight/hand axe of pain (3)]
  4783 | D:6      | Succumbed to a killer bee's poison

Vault maps used:
D:1:      dpeg_arrival_boxes_within_box
D:2:      fedhas_altar_3, tso_metal_star, tgw_xom
D:3:      lightli_temple_of_fire, grunt_temple_overflow_open,
          minmay_stone_trees_small, minmay_misc_feat_hallway,
          minmay_misc_feat_room, moated_statue
D:4:      first_bread, uniq_natasha, uniq_blork_the_orc
D:5:      basic_altar
D:6:      serial_shops, nicolae_shop_stone, dk_yredelemnul_ordeal,
          uniq_crazy_yiuf_cottage
D:7:      kennysheep_little_box, sword_in_stone, uniq_pikel
Temple:   pf_slimified_temple

Skill      XL: |  1  2  3  4  5  6  7  8 |
---------------+-------------------------+-----
Fighting       | 1 2 3 |  3.2
Throwing       | 2 3 4 5 |  5.1
Dodging        | 2 3 |  3.6
Unarmed Combat | 1 2 3 |  3.6
Spellcasting   | 2 |  2.3
Hexes          | 3 |  3.1
Armour         | 1 |  1.4

Action                   |  1- 3 |  4- 6 |  7- 9 || total
-------------------------+-------+-------+-------++-------
Melee: Unarmed           |   148 |   133 |   215 ||   496
       Punch             |       |     3 |     1 ||     4
Throw: Large rock        |     1 |     5 |     1 ||     7
 Cast: Slow              |       |     1 |       ||     1
       Repel Missiles    |       |       |     1 ||     1
  Use: Scroll            |     8 |     8 |     3 ||    19
       Potion            |       |     1 |     2 ||     3
  Eat: Chunk             |    22 |    10 |    18 ||    50
Armor: Robe              |    54 |    40 |    73 ||   167
Dodge: Dodged            |    81 |    60 |   101 ||   242
       Deflected         |       |       |     3 ||     3
